 Dungeon Crawl Stone Soup version 0.20-a0-1122-gb7cbeb9 (webtiles) character file.

79 mopl the Cudgeler (level 4, 0/40 HPs)
             Began as a Gnoll Berserker on May 13, 2017.
             Was a Follower of Trog.
             Slain by a gnoll
             ... wielding a +0 whip
              (9 damage)
             ... on level 2 of the Dungeon.
             The game lasted 00:02:17 (1587 turns).

mopl the Cudgeler (Gnoll Berserker)                 Turns: 1587, Time: 00:02:17

Health: 0/40       AC:  6    Str: 17    XL:     4   Next: 37%
Magic:  4/4        EV: 12    Int:  1    God:    Trog [*.....]
Gold:   79         SH:  0    Dex: 13    Spells: 3/3 levels left

rFire    . . .     SeeInvis .   a - +0 mace
rCold    . . .     Gourm    .   (no shield)
rNeg     . . .     Faith    .   m - +0 ring mail
rPois    .         Spirit   .   (no helmet)
rElec    .         Reflect  .   (no cloak)
rCorr    .         Harm     .   (no gloves)
MR       .....                  (no boots)
Stlth    +.........             (no amulet)
Regen    0.2/turn               h - -6 ring of intelligence (curse)
MPRegen  0.1/turn               (no ring)

@: slowed, very slow
A: short attention span, fangs 1, strong nose
a: Berserk, Burn Spellbooks, Renounce Religion


You were on level 2 of the Dungeon.
You worshipped Trog.
Trog was aware of your devotion.
You were very hungry.

You visited 1 branch of the dungeon, and saw 3 of its levels.

You collected 79 gold pieces.

Inventory:

Hand Weapons
 a - a +0 mace (weapon)
 b - a +0 hunting sling
Missiles
 d - 48 stones (quivered)
 j - 28 sling bullets
 l - 12 poisoned needles
 p - 7 tomahawks
Armour
 m - a +0 ring mail (worn)
 t - a +0 buckler
Jewellery
 h - a cursed -6 ring of intelligence (left hand)
Scrolls
 e - 5 scrolls of identify {unknown}
 f - 2 scrolls of teleportation {unknown}
 g - a scroll of immolation {unknown}
 n - a scroll of remove curse {unknown}
 s - a scroll of magic mapping {unknown}
 w - a scroll of fear {unknown}
Potions
 i - 3 potions of curing {unknown}
 k - a potion of brilliance {unknown}
 o - 2 potions of agility {unknown}
 q - a potion of haste {unknown}
 r - a potion of resistance {unknown}
 u - a potion of mutation {unknown}
Comestibles
 c - 3 bread rations


   Skills:
 + Level 5.9 Fighting
 * Level 6.3 Maces & Flails
 + Level 4.5 Armour
 - Level 3.2 Dodging


You had 3 spell levels left.
You didn't know any spells.

Dungeon Overview and Level Annotations

Branches:
Dungeon (3/15)

Altars:


Innate Abilities, Weirdness & Mutations

You have a short attention span.
You have very sharp teeth.
Your uncanny sense of smell can sniff out nearby items.


Message History

Your ring mail prevents you from hitting the gnoll.
You bite the gnoll.
The gnoll is moderately wounded.
The gnoll hits you with a whip.
* * * LOW HITPOINT WARNING * * *
The rat bites you but does no damage. The gnoll closely misses you.
The rat twitches its whiskers.
The rat bites you but does no damage.
You closely miss the gnoll. You bite the gnoll, but do no damage.
The gnoll is moderately wounded.
The gnoll barely misses you. The rat barely misses you.
Unknown command.
You thump the gnoll! Your bite misses the gnoll.
The gnoll is severely wounded.
The gnoll closely misses you. The rat closely misses you. The gnoll misses you.
The rat closely misses you.
You hit the gnoll.
The gnoll is almost dead.
The gnoll hits you with a whip!
You die...

#.#†# #.#.#
###.#.# ....#.#
#####.# ......#
####### #####
...########...####
....)..........r@#
...##.#####...##g#
..###....##...##.#
..#......##...##.#
.........#######.#
##.....### #.#
.#.##.## #####.#
.#.##.# #.....#
.#.##.# #.#####


You could see a gnoll and a rat.

Vanquished Creatures
  2 gnolls (D:3)
  2 adders (D:2)
  An ooze (D:2)
  2 worms
  A dart slug (D:2)
  A ball python (D:2)
  4 goblins
  2 hobgoblins (D:2)
  3 jackals (D:1)
  7 bats
  2 frilled lizards
  5 kobolds
  2 rats
34 creatures vanquished.

Notes
Turn   | Place    | Note
-------+----------+-------------------------------------------
     0 | D:1      | mopl the Gnoll Berserker began the quest for the Orb.
     0 | D:1      | Reached XP level 1. HP: 20/20 MP: 1/1
    78 | D:1      | Reached skill level 5 in Maces & Flails
   108 | D:1      | Reached skill level 5 in Fighting
   242 | D:1      | Reached XP level 2. HP: 14/27 MP: 2/2
   991 | D:2      | Reached skill level 4 in Armour
  1156 | D:2      | Reached XP level 3. HP: 33/33 MP: 3/3
  1323 | D:2      | Reached skill level 6 in Maces & Flails
  1564 | D:3      | Reached XP level 4. HP: 36/39 MP: 4/4
  1587 | D:2      | Slain by a gnoll

Vault maps used:
D:1:      dpeg_arrival_snail
D:2:      wad_crossroads, minmay_split_cup_small
D:3:      yredelemnul_forgotten_temple_becter, nicolae_gozag_seed_capital

Skill      XL: |  1  2  3 |
---------------+----------+-----
Maces & Flails | 5 6 |  6.3
Fighting       | 5 |  5.9
Armour         | 4 |  4.5
Dodging        | |  3.2

Action                   |  1- 3 |  4- 6 || total
-------------------------+-------+-------++-------
Melee: Mace              |    95 |    12 ||   107
       Bite              |     6 |     3 ||     9
Invok: Berserk           |     1 |       ||     1
  Eat: Chunk             |     2 |       ||     2
Armor: Ring mail         |    21 |    10 ||    31
       Animal skin       |     5 |       ||     5
Dodge: Dodged            |    76 |    19 ||    95
